Zazza, neutral female human Wizard # ---.- ----- ##..>.| |..<| # |.... |....# ####....|# -----# # # -----# # #### # # # # # # ######### # ### #------# # #----- ##-....|# # #-...| ##|.....# # |...-####|....| # |..*| #|....| #-------- |..*.####------ #|.....[| ----- #|......| #|@B...f| #-..@...| -------- Zazza the Conjurer Experience level: 3 Strength: 11 Dexterity: 16 Constitution: 15 Intelligence: 16 Wisdom: 10 Charisma: 9 Health: 0(22) Energy: 17(17) Def: 0 Gold: 233 Moves: 1783 Dungeon seed: jWBJfhrwxElM4Hyn Game ID: Zazza_1577185446 Your Inventory: Coins $ - 233 gold pieces Weapons a - a blessed +1 quarterstaff Armor e - an uncursed +0 cloak of magic resistance Scrolls h - an uncursed scroll of teleportation i - an uncursed scroll of magic mapping j - an uncursed scroll of confuse monster A - 2 uncursed scrolls of identify G - an uncursed scroll of scare monster L - an uncursed scroll of remove curse Spellbooks k - a blessed spellbook of force bolt l - an uncursed spellbook of sleep Potions f - 3 uncursed potions of restore ability g - 2 uncursed potions of extra healing H - an uncursed potion of sleeping Rings c - an uncursed ring of free action (on left hand) d - an uncursed ring of polymorph Wands b - a wand of create monster (0:13) o - a wand of digging (0:4) Tools m - an uncursed blindfold s - an uncursed magic lamp y - an uncursed skeleton key Spells and supernatural/magical abilities: Name Level Category Fail Memory a - force bolt 1 attack 0% 92% z - sleep 1 enchantment 0% 92% W - pray for help -- divine ? -- Your skills at the end: Fighting Skills Weapon Skills quarterstaff [Basic] Spellcasting Skills attack spells [Basic] enchantment spells [Basic] Final Attributes: You had transgressed. You were telepathic. You had free action. You were unlucky. You are dead. Vanquished creatures: a shrieker a floating eye a hobbit 3 garter snakes a gnome zombie 2 geckos 3 jackals 2 goblins 2 sewer rats 2 grid bugs a bat 2 lichens 5 newts 26 creatures vanquished. Voluntary challenges: You were an atheist. You used a wielded weapon 6 times, starting on turn 6. You read items or engraved 3 times, starting on turn 199. You never genocided any monsters. You never polymorphed an object. You changed form 3 times, starting on turn 136. You used no wishes. You never split a pudding. You wrote Elbereth's name 2 times, starting on turn 199. You violated your moral code, losing 24 points of alignment, starting on turn 1498. Dungeon overview: The Dungeons of Doom: levels 1 to 4 Level 1 some fountains a long staircase Level 2 a general store, some fountains Level 3 a long staircase Level 4 <- You were here a weapon shop History has recorded: On T:1 you entered the Dungeons of Doom to retrieve the Amulet of Yendor! On T:410 you advanced to experience level 3. On T:461 you reached level 2 of The Dungeons of Doom. On T:1030 you advanced to experience level 3. On T:1304 you reached level 3 of The Dungeons of Doom. On T:1560 you reached level 4 of The Dungeons of Doom. Score breakdown: Gold: 233 ( 8059 points) Experience: 3 levels ( 7878 points) Exploration: 4 levels ( 8.70%) ( 7745 points) Discoveries: 5 items ( 1.74%) ( 3952 points) Valuables value: (no points given unless you survive) Artifact value: 0 ( 0 points) Variety of kills: 13 monsters ( 3.41%) ( 5541 points) Turncount: 1783 turns ( 0 points) Survival: died (score multiplied by 80%) Total score: 26540 Latest messages: You drop 10 crude arrows (unpaid, 20 zorkmids). You drop 8 crossbow bolts (unpaid, 16 zorkmids). You drop a crossbow (unpaid, 53 zorkmids). You drop 6 arrows (unpaid, 12 zorkmids). You drop a bow (unpaid, 80 zorkmids). You drop 9 silver arrows (unpaid, 54 zorkmids). Your movements are only slowed slightly by your load. You stop. Armand is in the way! (2x) You drop a double-headed axe named Cleaver (unpaid, 8000 zorkmids). There are many objects here. You drop a plate mail (unpaid, 800 zorkmids). Your movements are now unencumbered. You stop. Armand is in the way! Melac talks about the problem of shoplifters. You see here a double-headed axe named Cleaver (8000 zorkmids). The giant bat bites! (2x) You begin bashing monsters with your bare hands. You miss the giant bat. The giant bat bites! (3x) You die... Melac gratefully inherits all your possessions. Final status: Goodbye Zazza the Wizard, killed by a giant bat... You died in The Dungeons of Doom on dungeon level 4 with 26540 points, and 233 pieces of gold, after 1783 moves. You were level 3 with a maximum of 22 hit points when you died.